 Dungeon Crawl Stone Soup version 0.27.1-4-g1640c2035a (webtiles) character file.

Game seed: 14213101515977219573

338 raph the Conjurer (level 6, -2/67 HPs)
             Began as a Draconian Conjurer on Nov 14, 2021.
             Slain by a gnoll (3 damage)
             ... on level 4 of the Dungeon.
             The game lasted 00:06:54 (3877 turns).

raph the Conjurer (Draconian Conjurer)              Turns: 3877, Time: 00:06:55

Health: -2/67      AC: 23    Str:  9    XL:     6   Next: 29%
Magic:  2/9        EV:  2    Int: 20    God:
Gold:   98         SH:  0    Dex: 10    Spells: 3/9 levels left

rFire    . . .     SeeInvis .   r - +4 short sword (venom)
rCold    . . .     Faith    .   (no shield)
rNeg     + + +     Spirit   .   (armour unavailable)
rPois    +         Reflect  .   (helmet currently unavailable)
rElec    .         Harm     .   (cloak currently unavailable)
rCorr    .         Rampage  .   (gloves currently unavailable)
Will     .....     NoTele   +   (boots currently unavailable)
Stlth    ++........             j - amulet of magic regeneration
HPRegen  0.21/turn              u - ring of poison resistance
MPRegen  0.36/turn              (no ring)

@: tree-form, slowed, very slow
A: stationary, stasis, torment immunity, boosted hp, AC +6, unfitting armour,
(cold-blooded)
a: no special abilities


You were on level 4 of the Dungeon.
You were a tree.
You visited 1 branch of the dungeon, and saw 4 of its levels.

You collected 98 gold pieces.

Inventory:

Hand Weapons
 d - a +0 dagger
 i - a +2 dagger of venom
 p - a +0 rapier
 r - a +4 short sword of venom (weapon)
Missiles
 k - 25 poisoned darts
Armour
 c - a +0 cloak (melded)
 s - a +0 pair of gloves (melded)
Jewellery
 j - an amulet of magic regeneration (around neck)
 u - a ring of poison resistance (left branch)
Scrolls
 f - a scroll of identify {unknown}
 g - a scroll of enchant armour {unknown}
 h - a scroll of fog {unknown}
 l - a scroll of enchant weapon {unknown}
 o - 4 scrolls of amnesia {unknown}
 t - a scroll of brand weapon {unknown}
Potions
 m - a potion of ambrosia {unknown}
 n - a potion of curing {unknown}
 q - a potion of flight {unknown}


   Skills:
 - Level 1.7 Dodging
 - Level 1.7 Stealth
 - Level 2.0 Spellcasting
 + Level 7.6 Conjurations


You had 3 spell levels left.
You knew the following spells:

 Your Spells              Type           Power      Damage    Failure   Level
a - Magic Dart            Conj           100%       1d8       1%          1
b - Searing Ray           Conj           64%        3d5       1%          2
c - Dazzling Flash        Conj/Hex       34%        N/A       10%         3

Your spell library contained the following spells:

 Spells                   Type           Power      Damage    Failure   Level
 Sandblast                Erth           4%         2d4       16%         1
 Summon Small Mammal      Summ           8%         N/A       16%         1
 Passwall                 Tmut/Erth      1%         N/A       24%         2
 Call Canine Familiar     Summ           2%         N/A       43%         3
 Summon Guardian Golem    Hex/Summ       2%         N/A       43%         3
 Swiftness                Air            2%         N/A       43%         3
 Fulminant Prism          Conj/Hex       8%         3d7       32%         4
 Iskenderun's Mystic Bla  Conj/Tloc      17%        2d5       32%         4
 Lee's Rapid Deconstruct  Erth           1%         3d5*      99%         5
 Invisibility             Hex            1%         N/A       100%        6


Dungeon Overview and Level Annotations

Branches:
Dungeon (4/15)
 Temple: D:4-7

Altars:

Shops:
D:1 (


Innate Abilities, Weirdness & Mutations

You are a tree.
Your roots penetrate the ground, keeping you stationary.
You cannot be teleported.
You are immune to unholy pain and torment.
Your maximum health is greatly increased.
Your equipment is partially melded.
((Your plain brown scales are hard. (AC +6)))
You cannot fit into any form of body armour.
((You are cold-blooded and may be slowed by cold attacks.))


Message History

The gnoll sergeant barely misses you.
You feel sick.
A gnoll comes into view. It is wielding a +2 spear of freezing.
You feel sick.
Casting: Dazzling Flash (dangerous; 10% risk of failure)
Confirm with . or Enter, or press ? or * to list all spells.
Aiming: Searing Ray (safe; 1% risk of failure)
Press: ? - help, Shift-Dir - straight line, f - gnoll sergeant
Aim: a gnoll sergeant, wielding a +2 spear of venom, wearing a +0 scale mail and wearing a +1 buckler of reflection (moderately wounded, wandering, blind, hasn't noticed you, 86% to hit)
The searing ray hits the gnoll sergeant but does no damage.
The gnoll sergeant is moderately wounded. (Press . to maintain the ray.)
You feel sick.
The gnoll sergeant is no longer blind.
The gnoll sergeant closely misses you.
The searing ray hits the gnoll sergeant.
The gnoll sergeant is heavily wounded.
You feel sick. The gnoll sergeant barely misses you.
The searing ray hits the gnoll sergeant.
The gnoll sergeant is severely wounded.
You feel sick. The gnoll sergeant barely misses you.
As you read the scroll of teleportation, it crumbles to dust.
You feel strangely unstable.
You feel sick.
You are no longer poisoned.
The gnoll sergeant hits you from afar with a +2 spear of venom.
The gnoll sergeant misses you.
You barely miss the gnoll sergeant. The gnoll sergeant blocks your attack.
The gnoll sergeant is severely wounded.
The gnoll sergeant hits you with a +2 spear of venom!
* * * LOW HITPOINT WARNING * * *
The gnoll hits you from afar with a +2 spear of freezing.
* * * LOW HITPOINT WARNING * * *
You feel yourself slow down. The gnoll freezes you.
* * * LOW HITPOINT WARNING * * *
It was a potion of lignification.
You turn into a tree.
Your +0 cloak melds into your body.
Your +0 pair of gloves melds into your body.
Your roots penetrate the ground.
You feel strangely stable.
The gnoll sergeant hits you but does no damage.
The gnoll hits you from afar with a +2 spear of freezing.
You die... ################ #.))..g♣.g...... #.############## #. #g #g ##

You could see a gnoll sergeant and a gnoll.

Vanquished Creatures
  2 ice beasts (D:3)
  4 gnolls
  3 adders
  A worm (D:2)
  An orc (D:3)
  7 ball pythons
  5 endoplasms
  6 giant cockroaches
  5 goblins
  8 hobgoblins
  2 jackals (D:1)
  6 quokkas
  10 bats
  5 frilled lizards
  2 kobolds (D:2)
  8 rats
75 creatures vanquished.

Notes
Turn   | Place    | Note
-------+----------+-------------------------------------------
     0 | D:1      | raph the Draconian Conjurer began the quest for the Orb.
     0 | D:1      | Reached XP level 1. HP: 14/14 MP: 3/3
   230 | D:1      | Found Ihomoe's Weapon Shoppe.
   234 | D:1      | Reached XP level 2. HP: 20/20 MP: 3/5
   503 | D:1      | Learned a level 2 spell: Searing Ray
   760 | D:1      | Found a faded altar of an unknown god.
   962 | D:1      | Reached skill level 5 in Conjurations
   962 | D:1      | Reached XP level 3. HP: 26/26 MP: 2/6
  1909 | D:2      | Reached XP level 4. HP: 33/33 MP: 7/7
  2809 | D:3      | Learned a level 3 spell: Dazzling Flash
  2969 | D:3      | Noticed an ice beast
  2978 | D:3      | Killed an ice beast
  2979 | D:3      | Reached skill level 6 in Conjurations
  2979 | D:3      | Reached XP level 5. HP: 20/38 MP: 2/8
  3127 | D:3      | Noticed an ice beast
  3138 | D:3      | Killed an ice beast
  3139 | D:3      | Reached skill level 7 in Conjurations
  3139 | D:3      | Reached XP level 6. HP: 32/45 MP: 1/9
  3876 | D:4      | HP: 2/45 [gnoll (3)]
  3877 | D:4      | Slain by a gnoll

Illustrated notes

Levels and vault maps discovered:
D:1:      psy_arrival_fountain, layout_loops_ring, serial_shops,
          nicolae_shop_waterfront, ebering_ecumenical_altar_abandoned,
          minmay_octomino_j4
D:2:      layout_basic
D:3:      layout_basic, kennysheep_flooded_box
D:4:      layout_loops_ring, uniq_natasha

Skill      XL: |  1  2  3  4  5 |
---------------+----------------+-----
Conjurations   | 5 6 7 |  7.6
Dodging        | |  1.7
Stealth        | |  1.7
Spellcasting   | |  2.0

Action                   |  1- 3 |  4- 6 || total
-------------------------+-------+-------++-------
Melee: Unarmed           |    20 |       ||    20
       Dagger            |    28 |    22 ||    50
       Tailslap          |     4 |     4 ||     8
       Short sword       |       |    14 ||    14
 Cast: Magic Dart        |    54 |     9 ||    63
       Searing Ray       |     5 |    16 ||    21
       Dazzling Flash    |       |     1 ||     1
  Use: Scroll            |       |     3 ||     3
       Potion            |       |     1 ||     1
 Stab: Sleeping          |     1 |       ||     1
Armor: Skin              |    33 |    35 ||    68
Dodge: Dodged            |    60 |    36 ||    96
